 Dungeon Crawl Stone Soup version 0.30-a0-808-g6e0788376e (webtiles) character file.

Game seed: 14289944745916830268

79 dolemite99 the Magician (level 4, 0/33 HPs)
             Began as a Djinni Fire Elementalist on Feb 25, 2023.
             Was a Follower of Dithmenos.
             Slain by an orc wizard
             ... wielding a +0 dagger
              (2 damage)
             ... on level 1 of the Dungeon.
             The game lasted 00:02:14 (1323 turns).

dolemite99 the Magician (Djinni Fire Elementalist)  Turns: 1323, Time: 00:02:14

Health: 0/33       AC:  2    Str:  7    XL:     4   Next: 62%
Gold:   60         EV: 12    Int: 18    God:    Dithmenos [*.....] SH:  0 Dex: 14

rFire   + + .      SeeInvis .    d - +0 whip
rCold   x . .      Faith    .    (no shield)
rNeg    . . .      Spirit   .    a - +0 robe
rPois   ∞          Reflect  .    (no helmet)
rElec   .          Harm     .    (no cloak)
rCorr   .          Rampage  .    (no gloves)
Will    .....                    (boots unavailable)
Stlth   +                        (no amulet)
HPRegen 0.25/turn                (no ring)
MPRegen 0.00/turn                (no ring)

@: confused, flying, wreathed by umbra, invisible
A: sickness immunity, fire resistance 2, cold vulnerability 1, float, innate
caster, HP casting, extra vitality 1
a: Renounce Religion


You were on level 1 of the Dungeon.
You worshipped Dithmenos.
Dithmenos was aware of your devotion.
You visited 1 branch of the dungeon, and saw 2 of its levels.

You collected 60 gold pieces.

Inventory:

Hand Weapons
 c - a +0 dagger
 d - a +0 whip (weapon)
Armour
 a - a +0 robe (worn)
 b - a +0 ring mail
Scrolls
 f - a scroll of blinking {unknown}
 h - a scroll of teleportation {unknown}
 i - a scroll of brand weapon {unknown}


   Skills:
 + Level 2.1 Fighting
 - Level 2.1 Dodging
 - Level 1.5 Stealth
 * Level 3.4 Spellcasting


You knew the following spells:

 Your Spells              Type           Power      Damage    Failure   Level
a - Foxfire               Conj/Fire      60%        2x1d7     3%          1
b - Scorch                Fire           30%        2d7       6%          2
c - Kindle Blastsparks    Fire/Tloc/Air  30%        2d12      12%         3
d - Inner Flame           Hex/Fire       15%        N/A       12%         3
e - Flame Wave            Conj/Fire      15%        2d7       36%         4
f - Kiss of Death         Conj/Necr      60%        2d10      3%          1
Your spell library was empty.

Dungeon Overview and Level Annotations

Branches:
Dungeon (2/15)

Altars:
Dithmenos


Innate Abilities, Weirdness & Mutations

You are immune to sickness and miasma.
You are immune to poison.
Your flesh is very heat resistant. (rF++)
You are vulnerable to cold. (rC-)
You float through the air rather than walking.
You learn spells naturally, not from books.
Your magical power is your life essence.
You have superior vitality. (+4 MHP)


Message History

The orc wizard flickers and vanishes!
Deactivating autopickup; reactivate with Ctrl-A.
You're too confused to cast spells.
The bat barely misses you. Something hits you. The bat barely misses you.
You fly upwards.
Reactivating autopickup.
There is a stone staircase leading down here.
You start resting.
Something hits you.
Deactivating autopickup; reactivate with Ctrl-A.
There is a strange disturbance nearby!
There is a strange disturbance nearby!
You bump into the rock wall.
You feel less confused. Something hits you but does no damage.
A magic dart appears from out of thin air!
The magic dart hits you.
A puff of flame appears from out of thin air!
The puff of flame hits you. You resist.
A puff of flame appears from out of thin air!
The puff of flame hits you. You resist.
You feel better.
You barely miss something. Something hits you but does no damage.
You barely miss something.
You hear some strange, mumbled words.
You are confused.
You miss something. Something hits you. x2
You miss something. Something hits you.
You're too confused to move!
Something hits you.
Okay, then.
You're too confused to cast spells.
You're too confused to cast spells.
You bump into the rock wall.
You hear some strange, mumbled words.
A magic dart appears from out of thin air!
The magic dart hits you!
* * * LOW HITPOINT WARNING * * *
It was a potion of invisibility.
You fade into invisibility!
Something hits you.
You die...

#.......#.#.....# #.#
##......#.##...#### #.#
#................########§#
#......#.###.###..........#
#......>.# #.# ############
########## #.# #.# ######## #{#
###......## #@# #.........# #.#
### #.#.####..# #.# ### ##.##
#.#.####..#### #.# ##.###.#.##
#.#.#........###.######.#.#.###.#
#.........##...........###.## ##.
###......#####.....####.#.#.###.#
###.#### ##...## ##.###.#.## #.#
##.## ### ##.##


There were no monsters in sight!

Vanquished Creatures
  2 orc priests (D:2)
  An orc (D:2)
  An endoplasm (D:1)
  2 goblins
  3 hobgoblins
  A kobold (D:1)
  3 ball pythons
  A bat (D:1)
  2 frilled lizards
  4 rats
20 creatures vanquished.

Vanquished Creatures (others)
  49 foxfires
49 creatures vanquished.

Grand Total: 69 creatures vanquished

Notes
Turn   | Place    | Note
-------+----------+-------------------------------------------
     0 | D:1      | dolemite99 the Djinni Fire Elementalist began the quest for
                  | the Orb.
     0 | D:1      | dolemite99 set off with the following spells memorised:
                  | Foxfire, Scorch, Kindle Blastsparks, Inner Flame, Flame
                  | Wave.
     0 | D:1      | Reached XP level 1. HP: 15/15 MP: 0/0
   436 | D:1      | Reached XP level 2. HP: 21/22 MP: 0/0
   480 | D:1      | Reached skill level 1 in Fighting
   668 | D:1      | Found a faded altar of an unknown god.
   691 | D:1      | Prayed at the altar of an unknown god.
   691 | D:1      | Became a worshipper of Dithmenos the Shadowed
   691 | D:1      | Reached * piety under Dithmenos
   982 | D:2      | Reached skill level 3 in Spellcasting
   982 | D:2      | Reached XP level 3. HP: 23/28 MP: 0/0
   982 | D:2      | Learned a level 1 spell: Kiss of Death
   992 | D:2      | Reached XP level 4. HP: 20/33 MP: 0/0
  1323 | D:1      | Slain by an orc wizard

Illustrated notes

Levels and vault maps discovered:
D:1:      mrwooster_arrival_statue, layout_loops_corners, basic_ecumenical_altar
D:2:      cheibrodos_pilgrimage, layout_basic, basic_altar

Skill      XL: |  1  2  3  4 |
---------------+-------------+-----
Fighting       | 1 2 |  2.1
Spellcasting   | 3 |  3.4
Dodging        | |  2.1
Stealth        | |  1.5

Action                     |  1- 3 |  4- 6 || total
---------------------------+-------+-------++-------
  Melee: Whip              |     3 |     4 ||     7
   Cast: Foxfire           |    25 |     3 ||    28
         Scorch            |     3 |     1 ||     4
    Use: Potion            |     1 |     2 ||     3
 Armour: Robe              |     2 |     3 ||     5
  Dodge: Dodged            |    19 |     6 ||    25

Table legend: (Time is in decaauts)
 A = Elapsed time spent in this place.
 B = Non-inter-level travel time spent in this place.
 C = Inter-level travel time spent in this place.
 D = Time resting spent in this place.
 E = Time spent auto-exploring this place.
 F = Levels seen in this place.
 G = Mean time per level.
                   A        B        C        D        E       F      G
               +--------+--------+--------+--------+--------+-----+--------+
         Total |   1324 |   1303 |     21 |    325 |    695 |   2 |  662.0 |
       Dungeon |   1324 |   1303 |     21 |    325 |    695 |   2 |  662.0 |
               +--------+--------+--------+--------+--------+-----+--------+

Top non-repeatable levels by time:
     D:1: 1182 daAuts
     D:2: 142 daAuts
